 Dungeon Crawl Stone Soup version 0.21.1-1-g345015f (webtiles) character file.

65 inc the Vexing (level 3, -2/14 HPs)
             Began as a Felid Enchanter on Mar 11, 2018.
             Slain by an adder (3 damage)
             ... on level 3 of the Dungeon.
             The game lasted 00:02:55 (2500 turns).

inc the Vexing (Felid Enchanter)                    Turns: 2500, Time: 00:02:56

Health: -2/14      AC:  1    Str:  4    XL:     3   Next: 92%
Magic:  7/7        EV: 18    Int: 17    God:
Gold:   66         SH:  0    Dex: 16    Spells: 3/6 levels left
                                        Lives:  0   Deaths: 0

rFire    . . .     SeeInvis +     - Unarmed
rCold    . . .     Gourm    .   (shield unavailable)
rNeg     . . .     Faith    .   (armour unavailable)
rPois    +         Spirit   .   (helmet unavailable)
rElec    .         Reflect  .   (cloak unavailable)
rCorr    .         Harm     .   (gloves unavailable)
MR       .....                  (boots unavailable)
Stlth    +++.......             (no amulet)
HPRegen  0.04/turn              k - ring of poison resistance
MPRegen  0.10/turn              (no ring)

@: lethally poisoned (-2 -> -9), quick
A: very small, no armour, no weapons or thrown items, stealth, claws 1, fangs 3,
see invisible, carnivore, speed 1, shaggy fur 1, slow metabolism 1, sharp paws
a: no special abilities


You were on level 3 of the Dungeon.
You were not hungry.

You visited 1 branch of the dungeon, and saw 3 of its levels.

You collected 66 gold pieces.

Inventory:

Jewellery
 k - a ring of poison resistance (left paw)
Scrolls
 c - 2 scrolls of identify {unknown}
 d - 3 scrolls of enchant weapon
 e - 2 scrolls of remove curse {unknown}
 i - a scroll of teleportation {unknown}
 j - a scroll of enchant armour {unknown}
Potions
 f - a potion of heal wounds
 g - a potion of curing {unknown}
 h - a potion of might {unknown}
Books
 a - a book of Maledictions

   Spells                             Type                      Level
   a - Corona                         Hexes                        1
   b - Ensorcelled Hibernation        Hexes/Ice                    2
   c - Confuse                        Hexes                        3
   d - Tukima's Dance                 Hexes                        3
   e - Dazzling Spray                 Conjuration/Hexes            3
Comestibles
 b - 2 rations


   Skills:
 - Level 2.6 Dodging
 - Level 4.0 Stealth
 + Level 3.8 Unarmed Combat
 - Level 2.0 Spellcasting
 - Level 4.4 Hexes


You had 3 spell levels left.
You knew the following spells:

 Your Spells              Type           Power        Failure   Level  Hunger
a - Corona                Hex            ###....      3%          1    #......
b - Ensorcelled Hibernat  Hex/Ice        #.....       12%         2    ###....


Dungeon Overview and Level Annotations

Branches:
Dungeon (3/15)

Altars:
Cheibriados
Dithmenos
Elyvilon
Sif Muna


Innate Abilities, Weirdness & Mutations

You cannot wear armour.
You are incapable of wielding weapons or throwing items.
Your paws allow you to move quietly. (Stealth)
You have sharp claws.
You have razor-sharp teeth.
You have supernaturally acute eyesight. (SInv)
You are carnivorous and can eat meat at any time.
You cover ground quickly.
You are covered in fur. (AC +1)
You have a slow metabolism.
Your sharp claws are effective at attacking unaware monsters.


Message History

You closely miss the adder.
The adder is severely wounded.
You feel sick. The adder closely misses you.
You closely miss the adder. Your bite misses the adder.
The adder is severely wounded.
The adder barely misses you. The adder closely misses you.
You miss the adder. Your bite misses the adder.
The adder is severely wounded.
You feel sick. The adder completely misses you.
You miss the adder.
The adder is severely wounded.
The adder bites you.
* * * LOW HITPOINT WARNING * * *
You scratch the adder.
The adder is almost dead.
The adder completely misses you.
You miss the adder.
The adder is almost dead.
The adder bites you.
You die...

####################...
#..............@S......
#....############.#....
#.†..'..#.......# # #
##...##.........#
###...####.#######
#.....##.........#
#.#..P.#.#.#.....#
#..PPP.P.#.......#
#P.P♣♣♣P.#.......#


You could see an adder.

Vanquished Creatures
  2 adders (D:2)
  A worm (D:2)
  2 dart slugs
  4 leopard geckos
  5 bats (D:1)
  A giant cockroach (D:1)
  5 goblins
  2 hobgoblins (D:1)
  3 ball pythons
  4 frilled lizards
  4 kobolds
  8 rats
41 creatures vanquished.

Notes
Turn   | Place    | Note
-------+----------+-------------------------------------------
     0 | D:1      | inc the Felid Enchanter began the quest for the Orb.
     0 | D:1      | Reached XP level 1. HP: 7/7 MP: 4/4
   570 | D:1      | Reached XP level 2. HP: 11/11 MP: 6/6
  1720 | D:2      | Reached XP level 3. HP: 12/14 MP: 7/7
  1724 | D:2      | Found a deep blue altar of Sif Muna.
  1795 | D:2      | Found a shadowy altar of Dithmenos.
  1816 | D:2      | Learned a level 2 spell: Ensorcelled Hibernation
  1865 | D:2      | Found a white marble altar of Elyvilon.
  2231 | D:2      | Found a snail-covered altar of Cheibriados.
  2500 | D:3      | Slain by an adder

Skill      XL: |  1  2 |
---------------+-------+-----
Unarmed Combat | 2 3 |  3.8
Dodging        | |  2.6
Stealth        | |  4.0
Spellcasting   | |  2.0
Hexes          | |  4.4

Action                   || total
-------------------------++-------
Melee: Unarmed           ||   137
       Bite              ||     9
       Punch             ||     2
 Cast: Ensorcelled Hiber ||     5
  Use: Scroll            ||     1
       Potion            ||     1
 Stab: Sleeping          ||    18
  Eat: Chunk             ||     2
Armor: Skin              ||     8
Dodge: Dodged            ||   123
